 Dungeon Crawl Stone Soup version 0.32-a0-485-g70f7560b1c (webtiles) character file.

Game seed: 11294156904854190938

170 cforsyth the Chopper (level 5, 0/41 HPs)
             Began as a Coglin Gladiator on Feb 26, 2024.
             Slain by an iguana (13 damage)
             ... on level 4 of the Dungeon.
             The game lasted 00:03:58 (2769 turns).

cforsyth the Chopper (Coglin Gladiator)             Turns: 2769, Time: 00:03:59

Health: 0/41       AC:  4    Str: 16    XL:     5   Next: 50%
Magic:  5/5        EV: 12    Int:  8    God:
Gold:   159        SH:  0    Dex: 15    Spells: 4/4 levels left

rFire   . . .        a - +0 war axe {Bo}
rCold   . . .        (no shield)
rNeg    . . .        b - +0 leather armour
rPois   .            c - +0 helmet
rElec   .            (no cloak)
rCorr   .            (no gloves)
SInv    .            (no boots)
Will    .....        (no amulet)
Stlth   +            (ring unavailable)
HPRegen 0.26/turn    (ring unavailable)
MPRegen 0.09/turn

%: no passive effects
@: revved
A: off-hand wielding, slow wielding, warmup strikes, no rings
a: no special abilities


You were on level 4 of the Dungeon.
You visited 1 branch of the dungeon, and saw 4 of its levels.

You collected 159 gold pieces.


Innate Abilities, Weirdness & Mutations

You can wield a second weapon in your off-hand.
It takes a long time for you to wield or remove held weapons.
Your first few attacks do less damage.
Your grasper-arms cannot wear rings.


   Skills:
 + Level 3.5 Fighting
 + Level 4.1 Axes
 - Level 1.7 Throwing
 + Level 2.4 Armour
 - Level 2.6 Dodging


You had 4 spell levels left.
You didn't know any spells.
Your spell library contained the following spells:

 Spells                   Type           Power      Damage    Failure   Level
 Sandblast                Erth           0%         2d4       45%         1
 Ensorcelled Hibernation  Hex/Ice        0%         N/A       61%         2
 Lesser Beckoning         Tloc           0%         N/A       61%         2
 Gell's Gravitas          Tloc           0%         N/A       83%         3
 Inner Flame              Hex/Fire       0%         N/A       83%         3
 Passwall                 Erth           0%         N/A       83%         3
 Stone Arrow              Conj/Erth      0%         3d7       83%         3
 Swiftness                Air            0%         N/A       83%         3
 Teleport Other           Tloc           0%         N/A       83%         3
 Brom's Barrelling Bould  Conj/Erth      0%         2d3       99%         4
 Flame Wave               Conj/Fire      0%         2d4       99%         4
 Sticky Flame             Fire/Alch      0%         2d4       99%         4

Inventory:

Hand Weapons
 a - a +0 war axe (weapon) {Bo}
Missiles
 d - 3 throwing nets (quivered) {=f}
 e - a javelin
Armour
 b - a +0 leather armour (worn)
 c - a +0 helmet (worn)
Scrolls
 i - 4 scrolls of identify {unknown}
 j - 5 scrolls of teleportation {unknown}
 r - 2 scrolls of noise {unknown}
Potions
 f - a potion of attraction {unknown}
 g - 3 potions of enlightenment {unknown}
 l - 2 potions of mutation {unknown}
 m - a potion of cancellation {unknown}
 n - a potion of brilliance {unknown}
 o - 2 potions of degeneration {unknown}
 p - a potion of curing {unknown}
 t - a potion of haste {unknown}

Dungeon Overview and Level Annotations

Branches:
Dungeon (4/15)             Temple (0/1) D:4

Altars:

............░..>.,*,,,,**,,,,,,,,
...§§§......░....,*,,*,,,,,,,,,,,
..§.§§......░⌠...⌠*,**,,,,***,*,*
.#§##$......░░░.░░******,,* ***,*
§#§§.........░...░,,,# **,* *,,
#§§§.........░.⌠.░,,.♣***,** **,,
#§♣♣♣♣♣♣♣♣♣..░...░,.♣**,**,***,,,
#.§..........░░.░░.♣♣♣♣.***,**,,,
##♣♣♣♣♣♣♣♣♣.)...@l......,,*,*,,,,
###########............,,*,,,,,,
##########........♣♣..P***,,,,,,
#######.#..........♣**♣**,,,,,,,
**,.........##..♣****,,,,,,,
**,.........##,....**,,,,,,,,
*,...>.....##**,...#,,,,,,,,,
*,..#.......*,,,....,,,,,,,,*
**,***,***,,,,,,,****,,,,,,,,


You could see an iguana.


Message History

Found a staircase to the Ecumenical Temple.
The kobold shouts!
Found a stone staircase leading down.
The kobold misses you. The kobold hits you but does no damage.
You hit the kobold.
You kill the kobold!
An iguana comes into view.
Things that are here:
a +0 club; a kobold corpse You hear the slow hiss of a very distant avalanche of sand.
You hear the slow rusting of a very distant drain.
You barely miss the iguana. The iguana bites you!
You barely miss the iguana. The iguana bites you! x2
* * * LOW HITPOINT WARNING * * *
You hit the iguana.
The iguana is lightly wounded.
The iguana bites you.
* * * LOW HITPOINT WARNING * * *
You hit the iguana but do no damage.
The iguana is lightly wounded.
The iguana closely misses you.
You hit the iguana.
The iguana is heavily wounded.
The iguana bites you but does no damage.
The iguana bites you.
* * * LOW HITPOINT WARNING * * *
You hit the iguana.
The iguana is heavily wounded.
The iguana bites you!
You die...

Skill      XL: |  1  2  3  4  5 |
---------------+----------------+-----
Armour         | 1 2 |  2.4
Fighting       | 3 |  3.5
Axes           | 4 |  4.1
Throwing       | |  1.7
Dodging        | |  2.6

Action                     |  1- 3 |  4- 6 || total
---------------------------+-------+-------++-------
  Melee: War axe           |    71 |    90 ||   161
    Use: Scroll            |       |     5 ||     5
 Armour: Leather armour    |    68 |    75 ||   143
  Dodge: Dodged            |    79 |    62 ||   141

Levels and vault maps discovered:
D:1:      minmay_arrival_hallway, layout_basic,
          shapermc_ecumenical_altar_acropolis, minmay_statues_item,
          minmay_tetromino_l4
D:2:      layout_loops_ring, kennysheep_generic_room_13, uniq_jessica
D:3:      layout_loops_corners
D:4:      layout_cave_pools, minmay_temple_entry_antechambers, serial_forest,
          infiniplex_forest_end_double, infiniplex_forest_end_2,
          infiniplex_forest_end_2, infiniplex_forest_lined_room_2,
          infiniplex_forest_straight_3, infiniplex_forest_end_3,
          infiniplex_forest_clump_long, infiniplex_forest_end_2,
          portal_sewer_entry_e, enter_ossuary_2

Notes
Turn   | Place    | Note
-------+----------+-------------------------------------------
     0 | D:1      | cforsyth the Coglin Gladiator began the quest for the Orb.
     0 | D:1      | Reached XP level 1. HP: 16/16 MP: 1/1
   138 | D:1      | Reached XP level 2. HP: 16/22 MP: 2/2
   443 | D:1      | Found a faded altar of an unknown god.
   466 | D:1      | Reached skill level 1 in Armour
   957 | D:2      | Reached XP level 3. HP: 11/28 MP: 3/3
  1122 | D:2      | Noticed Jessica
  1150 | D:2      | Killed Jessica
  1151 | D:2      | Reached skill level 3 in Fighting
  1151 | D:2      | Reached XP level 4. HP: 16/35 MP: 4/4
  1718 | D:3      | Reached skill level 2 in Armour
  1889 | D:3      | Reached XP level 5. HP: 41/41 MP: 5/5
  1899 | D:3      | Reached skill level 4 in Axes
  2752 | D:4      | Found a staircase to the Ecumenical Temple.
  2769 | D:4      | Slain by an iguana

Vanquished Creatures
  Jessica (D:2)
  An orc wizard (D:3)
  6 adders
  A ribbon worm (D:3)
  5 orcs (D:3)
  5 endoplasms
  A giant cockroach (D:3)
  3 goblins
  4 hobgoblins
  2 jackals (D:1)
  3 quokkas (D:3)
  4 ball pythons
  9 bats
  4 frilled lizards (D:1)
  8 kobolds
  2 rats (D:2)
59 creatures vanquished.

Vanquished Creatures (collateral kills)
  A quokka (D:4)
  2 kobolds (D:4)
3 creatures vanquished.

Grand Total: 62 creatures vanquished

Table legend: (Time is in decaauts)
 A = Elapsed time spent in this place.
 B = Non-inter-level travel time spent in this place.
 C = Inter-level travel time spent in this place.
 D = Time resting spent in this place.
 E = Time spent auto-exploring this place.
 F = Levels seen in this place.
 G = Mean time per level.
                   A        B        C        D        E       F      G
               +--------+--------+--------+--------+--------+-----+--------+
         Total |   2826 |   2726 |    100 |      0 |   2216 |   4 |  706.5 |
       Dungeon |   2826 |   2726 |    100 |      0 |   2216 |   4 |  706.5 |
               +--------+--------+--------+--------+--------+-----+--------+

Top non-repeatable levels by time:
     D:3: 1070 daAuts
     D:2: 952 daAuts
     D:1: 744 daAuts
     D:4: 59 daAuts

Table legend:
 A = Non-vault XP
 B = Vault XP
 C = Vault XP percentage of total XP
 D = Non-vault monster count
 E = Vault monster count
 F = Vault count percentage of total count
                 A         B        C        D         E       F
            +---------+---------+-------+---------+---------+-------
      Total |     201 |      42 |  17.3 |      57 |       5 |   8.1
            +---------+---------+-------+---------+---------+-------
        D:1 |      25 |       4 |  13.8 |      17 |       3 |  15.0
        D:2 |      26 |      38 |  59.4 |      10 |       2 |  16.7
        D:3 |     143 |       0 |   0.0 |      26 |       0 |   0.0
        D:4 |       7 |       0 |   0.0 |       4 |       0 |   0.0
            +---------+---------+-------+---------+---------+-------
